PL
D.C. DIVIDED @ NORTHERN VIRGINIA RAINBOW MERMAIDS
08/01/2034
 
TOP OF THE 1ST
D.C. Divided batting - Pitching for Northern Virginia Rainbow Mermaids : RHP Eric Matson
Pitching: RHP Eric Matson
Batting: RHB Arturo Rodríguez 0-0: SINGLE (Groundball, 56D)
Batting: RHB Sherman N'Dir 0-0: Ball
1-0: SINGLE (Groundball, 56) (infield hit)
Arturo Rodríguez to second
Batting: RHB José Torres 0-0: Ball
1-0: Swinging Strike
1-1: Ball
2-1: Foul Ball, location: 2F
2-2: Strikes out swinging
Batting: RHB Wilbur Davis 0-0: Fly out, F4 (Popup, 4)
Batting: LHB Yao-pang Chiang 0-0: SINGLE (Flyball, 9S)
Arturo Rodríguez to third
Sherman N'Dir to second
Runner from 3rd tries for Home, SAFE, no throw
Batting: RHB Daryl Yandell 0-0: Swinging Strike
0-1: Swinging Strike
0-2: Ball
1-2: Strikes out looking
Top of the 1st over - 1 run, 3 hits, 0 errors, 2 left on base; D.C. 1 - Northern Virginia 0
BOTTOM OF THE 1ST
Northern Virginia Rainbow Mermaids batting - Pitching for D.C. Divided : RHP Dale Kurth
Pitching: RHP Dale Kurth
Batting: RHB Colt Cabana 0-0: Ball
1-0: Ball
2-0: Ball
3-0: Base on Balls
Batting: SHB Eustacio Tafalla 0-0: Ball
1-0: Ball
2-0: Called Strike
2-1: SINGLE (Groundball, 2R) (infield hit)
Colt Cabana to second
Batting: RHB Zahid Kashani 0-0: Ball
1-0: Ball
2-0: Called Strike
2-1: Fly out, F3 (Popup, 3S)
Batting: LHB Shelby Noonan 0-0: Foul Ball, location: 2F
0-1: Grounds into double play, 3-6-3 (Groundball, 3)
Bottom of the 1st over - 0 runs, 1 hit, 0 errors, 1 left on base; D.C. 1 - Northern Virginia 0
TOP OF THE 2ND
D.C. Divided batting - Pitching for Northern Virginia Rainbow Mermaids : RHP Eric Matson
Batting: RHB Júlio Rodríguez 0-0: Foul Ball, location: 2F
0-1: Swinging Strike
0-2: Strikes out swinging
Batting: RHB Amon-Ra St. Brown 0-0: Ball
1-0: Called Strike
1-1: Ball
2-1: Ball
3-1: Base on Balls
Batting: RHB David Tineo 0-0: Ground out 5-3 (Groundball, 56S)
Amon-Ra St. Brown to second
Batting: RHB Arturo Rodríguez 0-0: Ground out 5-3 (Groundball, 56S)
Top of the 2nd over - 0 runs, 0 hits, 0 errors, 1 left on base; D.C. 1 - Northern Virginia 0
BOTTOM OF THE 2ND
Northern Virginia Rainbow Mermaids batting - Pitching for D.C. Divided : RHP Dale Kurth
Batting: RHB Ray Walker 0-0: Foul Ball, location: 2F
0-1: Ground out 4-3 (Groundball, 4)
Batting: LHB Bart Walton 0-0: Ball
1-0: Called Strike
1-1: Called Strike
1-2: Ball
2-2: Foul Ball, location: 2F
2-2: Ground out 4-3 (Groundball, 4S)
Batting: RHB Luis Yander La O 0-0: Swinging Strike
0-1: Swinging Strike
0-2: Strikes out swinging
Bottom of the 2nd over - 0 runs, 0 hits, 0 errors, 0 left on base; D.C. 1 - Northern Virginia 0
TOP OF THE 3RD
D.C. Divided batting - Pitching for Northern Virginia Rainbow Mermaids : RHP Eric Matson
Batting: RHB Sherman N'Dir 0-0: Called Strike
0-1: Ball
1-1: Foul Ball, location: 2F
1-2: Ball
2-2: Ball
3-2: Base on Balls
Batting: RHB José Torres 0-0: Ball
Sherman N'Dir is caught stealing 2nd base
1-0: Called Strike
1-1: Ball
2-1: Foul Ball, location: 2F
2-2: Ball
3-2: Ground out 5-3 (Groundball, 5S)
Batting: RHB Wilbur Davis 0-0: SOLO HOME RUN (Flyball, 78XD), Distance : 416 ft
Batting: LHB Yao-pang Chiang 0-0: Ball
1-0: Ball
2-0: Foul Ball, location: 2F
2-1: Fly out, F9 (Flyball, 9)
Top of the 3rd over - 1 run, 1 hit, 0 errors, 0 left on base; D.C. 2 - Northern Virginia 0
BOTTOM OF THE 3RD
Northern Virginia Rainbow Mermaids batting - Pitching for D.C. Divided : RHP Dale Kurth
Batting: LHB Rio Mence 0-0: Swinging Strike
0-1: Ground out U3 (Groundball, 3)
Batting: RHB Tommy Socorro 0-0: Ball
1-0: Foul Ball, location: 2F
1-1: Ground out 4-3 (Groundball, 4)
Batting: RHB Colt Cabana 0-0: Called Strike
0-1: Foul Ball, location: 2F
0-2: Ball
1-2: Foul Ball, location: 2F
1-2: DOUBLE (Line Drive, 7LD)
Batting: SHB Eustacio Tafalla 0-0: Ball
1-0: Called Strike
1-1: Ground out 4-3 (Groundball, 4MD)
Bottom of the 3rd over - 0 runs, 1 hit, 0 errors, 1 left on base; D.C. 2 - Northern Virginia 0
TOP OF THE 4TH
D.C. Divided batting - Pitching for Northern Virginia Rainbow Mermaids : RHP Eric Matson
Batting: RHB Daryl Yandell 0-0: Called Strike
0-1: Ball
1-1: Ground out 6-3 (Groundball, 6)
Batting: RHB Júlio Rodríguez 0-0: Ground out 6-3 (Groundball, 6)
Batting: RHB Amon-Ra St. Brown 0-0: Called Strike
0-1: Ball
1-1: Fly out, F4 (Line Drive, 4)
Top of the 4th over - 0 runs, 0 hits, 0 errors, 0 left on base; D.C. 2 - Northern Virginia 0
BOTTOM OF THE 4TH
Northern Virginia Rainbow Mermaids batting - Pitching for D.C. Divided : RHP Dale Kurth
Batting: RHB Zahid Kashani 0-0: Ball
1-0: Ball
2-0: Foul Ball, location: 2F
2-1: Foul Ball, location: 2F
2-2: Ground out 6-3 (Groundball, 56D)
Batting: LHB Shelby Noonan 0-0: Ball
1-0: Ball
2-0: Foul Ball, location: 2F
2-1: Swinging Strike
2-2: Foul Ball, location: 2F
2-2: Strikes out looking
Batting: RHB Ray Walker 0-0: Called Strike
0-1: Ground out 1-3 (Groundball, 13)
Bottom of the 4th over - 0 runs, 0 hits, 0 errors, 0 left on base; D.C. 2 - Northern Virginia 0
TOP OF THE 5TH
D.C. Divided batting - Pitching for Northern Virginia Rainbow Mermaids : RHP Eric Matson
Batting: RHB David Tineo 0-0: Ball
1-0: Ball
2-0: Ground out 5-3 (Groundball, 56S)
Batting: RHB Arturo Rodríguez 0-0: Foul Ball, location: 2F
0-1: Swinging Strike
0-2: Hit by Pitch
Batting: RHB Sherman N'Dir 0-0: Ball
1-0: 2-RUN HOME RUN (Flyball, 7LD), Distance : 343 ft
Batting: RHB José Torres 0-0: Ball
1-0: Called Strike
1-1: Foul Ball, location: 2F
1-2: Ball
2-2: Ball
3-2: Fly out, F9 (Flyball, 9)
Batting: RHB Wilbur Davis 0-0: Foul Ball, location: 2F
0-1: Ball
1-1: Foul Ball, location: 2F
1-2: Ball
2-2: Strikes out swinging
Top of the 5th over - 2 runs, 1 hit, 0 errors, 0 left on base; D.C. 4 - Northern Virginia 0
BOTTOM OF THE 5TH
Northern Virginia Rainbow Mermaids batting - Pitching for D.C. Divided : RHP Dale Kurth
Batting: LHB Bart Walton 0-0: Ball
1-0: DOUBLE (Line Drive, 9LD)
Batting: RHB Luis Yander La O 0-0: Foul Ball, location: 2F
0-1: Hit by Pitch
Batting: LHB Rio Mence 0-0: Ball
1-0: Sac Bunt - play at first, batter OUT! 1-3
Bart Walton to third
Luis Yander La O to second
Batting: RHB Tommy Socorro 0-0: Ball
1-0: Fly out, F8 (Flyball, 8LM)
Runner from 3rd tags up, OUT at HOME
Bottom of the 5th over - 0 runs, 1 hit, 0 errors, 1 left on base; D.C. 4 - Northern Virginia 0
TOP OF THE 6TH
D.C. Divided batting - Pitching for Northern Virginia Rainbow Mermaids : RHP Eric Matson
Batting: LHB Yao-pang Chiang 0-0: Ball
1-0: Called Strike
1-1: Foul Ball, location: 2F
1-2: Foul Ball, location: 2F
1-2: Ball
2-2: Foul Ball, location: 2F
2-2: Ball
3-2: Ground out 4-3 (Groundball, 4)
Batting: RHB Daryl Yandell 0-0: Foul Ball, location: 2F
0-1: SINGLE (Flyball, 89S)
Batting: RHB Júlio Rodríguez 0-0: Ball
1-0: Foul Ball, location: 2F
1-1: Called Strike
1-2: Strikes out looking
Batting: RHB Amon-Ra St. Brown 0-0: Foul Ball, location: 2F
0-1: Ball
1-1: Called Strike
1-2: Foul Ball, location: 2F
1-2: Foul Ball, location: 2F
1-2: Strikes out swinging
Top of the 6th over - 0 runs, 1 hit, 0 errors, 1 left on base; D.C. 4 - Northern Virginia 0
BOTTOM OF THE 6TH
Northern Virginia Rainbow Mermaids batting - Pitching for D.C. Divided : RHP Dale Kurth
Batting: RHB Colt Cabana 0-0: Reached on error, E4 (Groundball, 4)
Batting: SHB Eustacio Tafalla 0-0: Called Strike
0-1: Ball
1-1: Swinging Strike
1-2: Fly out, F8 (Flyball, 78M)
Batting: RHB Zahid Kashani 0-0: Called Strike
0-1: Foul Ball, location: 2F
0-2: Ball
1-2: Fly out, F8 (Flyball, 8LS)
Batting: LHB Shelby Noonan 0-0: Ball
1-0: Ground out 4-3 (Groundball, 4)
Bottom of the 6th over - 0 runs, 0 hits, 1 error, 1 left on base; D.C. 4 - Northern Virginia 0
TOP OF THE 7TH
D.C. Divided batting - Pitching for Northern Virginia Rainbow Mermaids : RHP Eric Matson
Batting: RHB David Tineo 0-0: Called Strike
0-1: Ground out 5-3 (Groundball, 5L)
Batting: RHB Arturo Rodríguez 0-0: Ground out 6-3 (Groundball, 6)
Batting: RHB Sherman N'Dir 0-0: Called Strike
0-1: Ground out U3 (Groundball, 3)
Top of the 7th over - 0 runs, 0 hits, 0 errors, 0 left on base; D.C. 4 - Northern Virginia 0
BOTTOM OF THE 7TH
Northern Virginia Rainbow Mermaids batting - Pitching for D.C. Divided : RHP Dale Kurth
Batting: RHB Ray Walker 0-0: Fly out, F9 (Flyball, 9LM)
Batting: LHB Bart Walton 0-0: Ball
1-0: Reached on error, E4 (Groundball, 4)
Batting: RHB Luis Yander La O 0-0: Called Strike
0-1: Swinging Strike
0-2: Ball
Wild Pitch!
Bart Walton to third
1-2: Hit by Pitch
Batting: LHB Rio Mence 0-0: Ball
1-0: Foul Ball, location: 2F
1-1: Foul Ball, location: 2F
1-2: Ball
2-2: SINGLE (Flyball, 78S)
Bart Walton scores
Luis Yander La O to second
Batting: RHB Tommy Socorro 0-0: Ball
1-0: Grounds into double play, 4-6-3 (Groundball, 4M)
Bottom of the 7th over - 1 run, 1 hit, 1 error, 1 left on base; D.C. 4 - Northern Virginia 1
TOP OF THE 8TH
D.C. Divided batting - Pitching for Northern Virginia Rainbow Mermaids : RHP Eric Matson
Batting: RHB José Torres 0-0: DOUBLE (Line Drive, 7LD)
Batting: RHB Wilbur Davis 0-0: Ball
1-0: Reached on error, E5 (Groundball, 56S)
José Torres to third
Batting: LHB Yao-pang Chiang 0-0: Ball
1-0: Ball
2-0: Ball
3-0: Base on Balls
Wilbur Davis to second
Batting: RHB Daryl Yandell 0-0: Fly out, F6 (Popup, 6)
Pitching: RHP Mat Tengku
Batting: RHB Júlio Rodríguez 0-0: Ball
1-0: Ball
2-0: Called Strike
2-1: Ball
3-1: Base on Balls
José Torres scores
Wilbur Davis to third
Yao-pang Chiang to second
Batting: RHB Amon-Ra St. Brown 0-0: Ball
1-0: Called Strike
1-1: Foul Ball, location: 2F
1-2: Foul Ball, location: 2F
1-2: Ball
2-2: Ball
3-2: Foul Ball, location: 2F
3-2: SINGLE (Flyball, 9S)
Wilbur Davis scores
Yao-pang Chiang to third
Júlio Rodríguez to second
Batting: RHB David Tineo 0-0: Fly out, F7 (Flyball, 7S)
Batting: RHB Arturo Rodríguez 0-0: Ball
1-0: Called Strike
1-1: Ball
2-1: Called Strike
2-2: Strikes out swinging
Top of the 8th over - 2 runs, 2 hits, 1 error, 3 left on base; D.C. 6 - Northern Virginia 1
BOTTOM OF THE 8TH
Northern Virginia Rainbow Mermaids batting - Pitching for D.C. Divided : RHP Dale Kurth
Batting: RHB Colt Cabana 0-0: Ball
1-0: SINGLE (Line Drive, 78S)
Batting: SHB Eustacio Tafalla 0-0: Fly out, F8 (Flyball, 8LXD)
Batting: RHB Zahid Kashani 0-0: Called Strike
0-1: Ball
1-1: Foul Ball, location: 2F
1-2: Fielders Choice at 2nd, 1-6 (Groundball, P)
Batting: LHB Shelby Noonan 0-0: Ball
1-0: Ground out U3 (Groundball, 3S)
Bottom of the 8th over - 0 runs, 1 hit, 0 errors, 1 left on base; D.C. 6 - Northern Virginia 1
TOP OF THE 9TH
D.C. Divided batting - Pitching for Northern Virginia Rainbow Mermaids : RHP Mat Tengku
Batting: RHB Sherman N'Dir 0-0: Ball
1-0: Called Strike
1-1: Ground out 6-3 (Groundball, 6)
Batting: RHB José Torres 0-0: Called Strike
0-1: Ball
1-1: Foul Ball, location: 2F
1-2: Reached on error, E3 (Groundball, 3)
Batting: RHB Wilbur Davis 0-0: Ball
1-0: Ball
2-0: Ball
3-0: DOUBLE (Groundball, 5L)
José Torres to third
Batting: LHB Yao-pang Chiang 0-0: Ball
1-0: Swinging Strike
1-1: Ball
2-1: Foul Ball, location: 2F
2-2: Ball
3-2: Strikes out looking
Pitching: RHP Jason Martin
Batting: RHB Daryl Yandell 0-0: Swinging Strike
0-1: Swinging Strike
0-2: Strikes out looking
Top of the 9th over - 0 runs, 1 hit, 1 error, 2 left on base; D.C. 6 - Northern Virginia 1
BOTTOM OF THE 9TH
Northern Virginia Rainbow Mermaids batting - Pitching for D.C. Divided : RHP Dale Kurth
Batting: RHB Ray Walker 0-0: Called Strike
0-1: Ball
1-1: Fly out, F8 (Flyball, 8RM)
Batting: LHB Bart Walton 0-0: Ground out 4-3 (Groundball, 4)
Batting: RHB Luis Yander La O 0-0: Ball
1-0: Foul Ball, location: 2F
1-1: Swinging Strike
1-2: Foul Ball, location: 2F
1-2: Fly out, F5 (Line Drive, 6)
Bottom of the 9th over - 0 runs, 0 hits, 0 errors, 0 left on base; D.C. 6 - Northern Virginia 1
Friday, March 29th, 2019 - OOTP Baseball 18.8 Build 76